 Dungeon Crawl Stone Soup version 0.31.0-11-ge490571c62 (webtiles) character file.

Game seed: 4942117162414986780

37061 mopl the Skirmisher (level 13, -10/106 (116) HPs)
             Began as a Green Draconian Hexslinger on Feb 10, 2024.
             Was a High Priest of Okawaru.
             Mangled by a white ugly thing (20 damage)
             ... in a Gauntlet.
             The game lasted 00:32:23 (14468 turns).

mopl the Skirmisher (Green Draconian Hexslinger)   Turns: 14468, Time: 00:32:23

HP:   -10/106 (116) AC: 11    Str: 10    XL:     13   Next: 56%
MP:   7/20          EV: 21    Int: 12    God:    Okawaru [*****.]
Gold: 908           SH:  5    Dex: 17    Spells: 12/14 levels left

rFire   . . .        a - +1 sling
rCold   . . .        (no shield)
rNeg    . . .        (body armour unavailable)
rPois   +            (helmet restricted)
rElec   +            Q - +1 cloak {rCorr}
rCorr   +            (no gloves)
SInv    +            J - +0 pair of boots
Will    .....        e - amulet of reflection
Stlth   +++          K - ring of flight
HPRegen 0.37/turn    H - ring "Puabbywu" {rElec SInv}
MPRegen 0.17/turn

%: no teleportation, reflection
@: afraid, heroic, finesse-ful, flying, drained
A: breathe noxious fumes, AC +8, unfitting armour, poison resistance,
cold-blooded, dopey 1, weak 1
a: Breathe Noxious Fumes, Renounce Religion, Heroism, Finesse, Duel


You were in a Gauntlet.
You worshipped Okawaru.
Okawaru was extremely pleased with you.
You visited 2 branches of the dungeon, and saw 12 of its levels.
You also visited: Ossuary, Bailey and Gauntlet.

You collected 908 gold pieces.

Inventory:

Hand Weapons
 a - a +1 sling (weapon)
 b - a +0 dagger of venom
 p - a +0 orcbow
 s - a +3 quarterstaff of draining
 u - a +2 trident of protection
 O - a +1 dagger of draining
 Y - a +4 lajatang of pain
Missiles
 f - 6 silver javelins
 g - 38 poisoned darts
 t - 7 boomerangs
 G - 40 javelins
 M - 7 curare-tipped darts
 R - 2 datura-tipped darts
Armour
 I - a scarf of invisibility
 J - a +0 pair of boots (worn)
 Q - a +1 cloak of preservation (worn)
 Z - a scarf of harm
Jewellery
 e - an amulet of reflection (around neck)
 l - a ring of resist corrosion
 H - the ring "Puabbywu" (right hand) {rElec SInv}
   (You found it on level 7 of the Dungeon)

   [ring of see invisible]

   rElec:     It insulates you from electricity.
   SInv:      It lets you see invisible.
 K - a ring of flight (left hand)
 L - a ring of ice
 W - a +6 ring of strength
Wands
 D - a wand of iceblast (18)
 T - a wand of flame (3)
 U - a wand of mindburst (4)
 X - a wand of polymorph (1)
Scrolls
 h - 2 scrolls of teleportation {unknown}
 i - a scroll of enchant armour {unknown}
 j - a scroll of blinking {unknown}
 k - a scroll of brand weapon {unknown}
 n - 3 scrolls of amnesia {unknown}
 o - 5 scrolls of poison
 v - 6 scrolls of enchant weapon {unknown}
 y - 3 scrolls of immolation {unknown}
 B - 3 scrolls of fear {unknown}
 C - a scroll of noise {unknown}
 F - a scroll of vulnerability {unknown}
 N - a scroll of fog {unknown}
 P - 2 scrolls of revelation {unknown}
 S - a scroll of torment
Potions
 c - 3 potions of might
 d - 5 potions of resistance
 m - 3 potions of haste
 q - 3 potions of brilliance
 r - a potion of lignification
 w - 7 potions of curing
 x - 5 potions of ambrosia
 z - a potion of attraction
 A - 5 potions of mutation
 E - 3 potions of heal wounds


   Skills:
 + Level 11.0(16.0) Fighting
 * Level 13.4(18.4) Ranged Weapons
 + Level 9.4(14.4) Dodging
 + Level 1.1 Spellcasting
 + Level 2.7 Hexes
 + Level 5.0 Translocations
 - Level 1.0 Fire Magic
 - Level 10.0 Invocations
 + Level 3.1 Evocations


You had 12 spell levels left.
You knew the following spells:

 Your Spells              Type           Power      Damage    Failure   Level
e - Blink                 Tloc           24%        N/A       5%          2

Your spell library contained the following spells:

 Spells                   Type           Power      Damage    Failure   Level
 Lesser Beckoning         Tloc           24%        N/A       5%          2
 Jinxbite                 Hex            14%        N/A       14%         2
 Momentum Strike          Conj/Tloc      12%        3d8       16%         2
 Sigil of Binding         Hex            7%         N/A       28%         3
 Necrotise                Necr           0%         1d4       30%         1
 Passage of Golubria      Tloc           12%        N/A       36%         4
 Inner Flame              Hex/Fire       5%         N/A       38%         3
 Sublimation of Blood     Necr           0%         N/A       41%         2
 Dimensional Bullseye     Hex/Tloc       5%         N/A       52%         4
 Frozen Ramparts          Ice            0%         1d1       65%         3
 Vampiric Draining        Necr           0%         2d6       65%         3
 Cause Fear               Hex            3%         N/A       67%         4
 Anguish                  Hex/Necr       2%         N/A       86%         4
 Leda's Liquefaction      Alch/Erth      0%         N/A       96%         4
 Petrify                  Alch/Erth      0%         N/A       96%         4
 Metabolic Englaciation   Hex/Ice        2%         N/A       99%         5
 Yara's Violent Unravell  Hex/Alch       2%         3d3       99%         5
 Curse of Agony           Necr           0%         N/A       100%        5
 Irradiate                Conj/Alch      0%         3d11      100%        5
 Conjure Ball Lightning   Conj/Air       0%         3x3d6     100%        6
 Eringya's Noxious Bog    Alch           0%         4d6       100%        6
 Enfeeble                 Hex            3%         N/A       100%        7
 Tukima's Dance           Hex            Unusable   N/A       N/A         3
 Martyr's Knell           Necr/Summ      Unusable   N/A       N/A         4
 Death Channel            Necr           Unusable   N/A       N/A         6
 Summon Cactus Giant      Summ           Unusable   N/A       N/A         6

Dungeon Overview and Level Annotations

Branches:
Dungeon (11/15)            Temple (0/1) D:5            Lair (1/5) D:9
    Orc (0/2) D:10        Ossuary (visited)          Bailey (visited)
Gauntlet (1/1)

Altars:
Ashenzari
Cheibriados
Dithmenos
Elyvilon
Fedhas
Gozag
Kikubaaqudgha
Okawaru
Sif Muna
Trog
Uskayaw
Xom
Yredelemnul
Zin
The Shining One

Shops:
D:1 *

Annotations:
Gauntlet 9 transporters, 2 runed translucent doors


Innate Abilities, Weirdness & Mutations

You can breathe blasts of noxious fumes.
Your lurid green scales are hard. (AC +8)
You cannot fit into any form of body armour.
Your system is resistant to poisons. (rPois)
You are cold-blooded and may be slowed by cold attacks.
You are dopey. (Int -2)
You are weak. (Str -2)


Message History

Aim: a white ugly thing (severely wounded, berserk, covered in acid, 74% to hit)
You shoot a sling bullet.
The sling bullet barely misses the white ugly thing.
Fire: a) +1 sling
Press: ? - help, Q - select action, (/) - cycle Shift-Dir - straight line, f/p - white ugly thing
Aim: a white ugly thing (severely wounded, berserk, covered in acid, 74% to hit)
You shoot a sling bullet.
The sling bullet hits the white ugly thing.
The white ugly thing is severely wounded.
You block the white ugly thing's attack.
Fire: a) +1 sling
Press: ? - help, Q - select action, (/) - cycle Shift-Dir - straight line, f/p - white ugly thing
Aim: a white ugly thing (severely wounded, berserk, covered in acid, 74% to hit)
You shoot a sling bullet.
The sling bullet barely misses the white ugly thing.
Fire: a) +1 sling
Press: ? - help, Q - select action, (/) - cycle Shift-Dir - straight line, f/p - white ugly thing
Aim: a white ugly thing (severely wounded, berserk, covered in acid, 74% to hit)
You shoot a sling bullet.
The sling bullet hits the white ugly thing!
The white ugly thing is almost dead.
The white ugly thing barely misses you.
The glowing orange brain pulsates.
Something gnaws on your mind!
* * * LOW HITPOINT WARNING * * *
You feel your power leaking away.
Fire: a) +1 sling
Press: ? - help, Q - select action, (/) - cycle Shift-Dir - straight line, f/p - white ugly thing
Aim: a white ugly thing (almost dead, berserk, covered in acid, 74% to hit)
You shoot a sling bullet.
The sling bullet barely misses the white ugly thing.
You have got your breath back.
Fire: a) +1 sling
Press: ? - help, Q - select action, (/) - cycle Shift-Dir - straight line, f/p - white ugly thing
Aim: a white ugly thing (almost dead, berserk, covered in acid, 74% to hit)
You shoot a sling bullet.
The sling bullet hits the white ugly thing.
The white ugly thing is almost dead.
The white ugly thing gores you!!
You die...

#§#≈#≈#..#^#P.#..#^#
###........##P.#.#.P##
#≈.........#.)#.©.#..#
###..##################
#≈...#...........©.....
###...#.©.........©.....
#≈..####################
##..###...###.#s.s....#.
#≈..###@..###.#s#####.#.
##..#Gu##'..#.#y+...+.#.
#§..#.y#©#..#.#s#.©.#.#.
##..#.[5##..#.#.#~~≈#.#.
#≈..###.:}###.#.#####.#.
##..####©####.#../©$ss#.
#≈..#########.#########.
##......................
#≈..............8.∩.8...


You could see a white ugly thing (berserk, corroded), a glowing orange brain
(scary), a moth of wrath (summoned) and a white imp (summoned).

Vanquished Creatures
  An ogre mage (D:9)
  A centaur warrior (D:9)
  4 two-headed ogres
  A boulder beetle (D:11)
  A death knight (D:9)
  A tengu warrior (D:9)
  An ugly thing (D:11)
  A cyclops (D:11)
  Maurice (D:10)
  4 elephants (Lair:1)
  5 manticores
  A shining eye (Gauntlet)
  A black mamba (Lair:1)
  An unseen horror (D:6)
  A kobold demonologist (D:9)
  3 komodo dragons
  3 trolls
  2 glass eyes (Gauntlet)
  3 hornets
  A hornet (shapeshifter) (D:9)
  Prince Ribbit (D:7)
  A shadow (D:9)
  2 wyverns
  25 yaks
  2 steam dragons
  2 basilisks
  4 acid dragons
  7 water moccasins
  A sky beast (D:8)
  5 ogres
  2 black bears (D:6)
  14 orc warriors
  2 laughing skulls (Gauntlet)
  2 wolves (D:9)
  18 centaurs
  5 bullfrogs
  4 kobold brigands
  4 scorpions
  6 wights
  2 burial acolytes (Ossuary)
  3 killer bees (D:10)
  A howler monkey (D:4)
  4 hounds
  3 orc priests
  2 bombardier beetles
  2 jellies (D:4)
  2 gnoll boudas
  A sleepcap (D:4)
  3 iguanas
  6 orc wizards
  2 hound zombies (D:4)
  A howler monkey zombie (D:4)
  7 gnolls
  11 adders
  4 white imps
  2 adder skeletons (Ossuary)
  An adder zombie (D:4)
  7 dart slugs
  A ribbon worm (D:4)
  52 orcs
  4 ball pythons
  5 bats
  9 endoplasms
  3 giant cockroaches
  8 goblins
  12 hobgoblins
  8 kobolds
  6 quokkas
  A ball python skeleton (Ossuary)
  3 frilled lizards
  2 hobgoblin skeletons (Ossuary)
  2 kobold skeletons (Ossuary)
  An orc skeleton (Ossuary)
  5 rats
330 creatures vanquished.

Notes
Turn   | Place    | Note
-------+----------+-------------------------------------------
     0 | D:1      | mopl the Draconian Hexslinger began the quest for the Orb.
     0 | D:1      | Reached XP level 1. HP: 16/16 MP: 2/2
    56 | D:1      | Reached skill level 2 in Ranged Weapons
   159 | D:1      | Reached XP level 2. HP: 10/23 MP: 3/3
   160 | D:1      | Found a faded altar of an unknown god.
   168 | D:1      | Prayed at the altar of an unknown god.
   168 | D:1      | Became a worshipper of Warmaster Okawaru
   168 | D:1      | Reached * piety under Okawaru
   278 | D:1      | Found Piutucig's General Store.
   284 | D:1      | You fall into a shaft and drop 1 floor!
   571 | D:1      | Reached skill level 3 in Ranged Weapons
   571 | D:1      | Reached skill level 1 in Invocations
   880 | D:1      | Reached XP level 3. HP: 28/28 MP: 4/4
  1971 | D:3      | Reached XP level 4. HP: 25/35 MP: 5/5
  2625 | D:3      | Reached XP level 5. HP: 39/41 MP: 6/6
  2638 | D:4      | Reached skill level 4 in Ranged Weapons
  2835 | D:4      | Reached XP level 6. HP: 13/49 MP: 4/8
  3220 | D:4      | Found a basalt altar of Yredelemnul.
  3377 | D:4      | Reached skill level 5 in Ranged Weapons
  3378 | D:4      | Found a white marble altar of Elyvilon.
  3421 | D:4      | Reached ** piety under Okawaru
  3422 | D:4      | Your scales start taking on a lurid green colour.
  3422 | D:4      | Reached XP level 7. HP: 57/57 MP: 9/9
  3422 | D:4      | Gained mutation: Your system is resistant to poisons.
                  | (rPois) [Green Draconian growth]
  3629 | D:5      | Entered Level 5 of the Dungeon
  3687 | D:5      | Found a hide-covered altar of Uskayaw.
  3805 | D:5      | Found a sand-covered staircase.
  3830 | Ossuary  | Entered an ossuary
  4233 | Ossuary  | Reached skill level 6 in Ranged Weapons
  4233 | Ossuary  | Reached XP level 8. HP: 59/66 MP: 8/11
  4648 | D:5      | Identified the +0 plate armour of Nabim {Str+4 Int-4 Dex+2}
  4762 | D:5      | Found a staircase to the Ecumenical Temple.
  5090 | D:6      | Reached skill level 5 in Invocations
  5259 | D:6      | Reached skill level 5 in Fighting
  5259 | D:6      | Killed an unseen horror
  5259 | D:6      | Reached *** piety under Okawaru
  5260 | D:6      | Reached skill level 7 in Ranged Weapons
  5277 | D:6      | Reached XP level 9. HP: 47/74 MP: 13/13
  5476 | D:6      | Found an ancient bone altar of Kikubaaqudgha.
  5533 | D:6      | Reached skill level 5 in Dodging
  5888 | D:6      | Found a broken altar of Ashenzari.
  6123 | D:6      | Found a shimmering blue altar of Sif Muna.
  6603 | D:7      | Reached skill level 8 in Ranged Weapons
  6617 | D:7      | Identified the ring "Puabbywu" {rElec SInv}
  6756 | D:7      | Found a glowing golden altar of the Shining One.
  6769 | D:7      | Found a snail-covered altar of Cheibriados.
  6867 | D:7      | Noticed Prince Ribbit
  6877 | D:7      | Killed Prince Ribbit
  6877 | D:7      | Reached **** piety under Okawaru
  7062 | D:7      | Found a glowing silver altar of Zin.
  7177 | D:7      | Found a blossoming altar of Fedhas.
  7594 | D:8      | Found an opulent altar of Gozag.
  7653 | D:8      | Reached XP level 10. HP: 59/84 MP: 15/15
  7668 | D:8      | Found a bloodstained altar of Trog.
  7706 | D:8      | Noticed a two-headed ogre
  7706 | D:8      | Noticed a two-headed ogre
  7742 | D:8      | Killed a two-headed ogre
  7743 | D:8      | Reached skill level 9 in Ranged Weapons
  8290 | D:8      | Learned a level 2 spell: Blink
  8314 | D:8      | Killed a two-headed ogre
  8314 | D:8      | Reached ***** piety under Okawaru
  8315 | D:8      | Reached skill level 1 in Translocations
  8359 | D:8      | Noticed a two-headed ogre
  8369 | D:8      | Killed a two-headed ogre
  8562 | D:9      | Found a staircase to the Lair.
  8789 | D:9      | Reached skill level 10 in Ranged Weapons
  8973 | D:9      | Received a gift from Okawaru
  8997 | D:9      | Reached XP level 11. HP: 94/94 MP: 17/17
  9329 | D:9      | Found a shimmering altar of Xom.
  9426 | D:9      | Noticed a sun demon
  9723 | D:9      | Received a gift from Okawaru
  9744 | D:9      | Noticed a two-headed ogre
  9776 | D:9      | Killed a two-headed ogre
 10163 | D:9      | Found a runed translucent door.
 10263 | D:9      | Noticed a tengu warrior
 10281 | D:9      | Killed a tengu warrior
 10282 | D:9      | Reached skill level 11 in Ranged Weapons
 10416 | D:9      | Noticed a centaur warrior
 10434 | D:9      | Killed a centaur warrior
 10463 | D:9      | Noticed an ogre mage
 10463 | D:9      | Noticed a death knight
 10493 | D:9      | Killed an ogre mage
 10557 | D:9      | Gained mutation: Your body sometimes deteriorates upon
                  | taking damage. [potion of mutation]
 10557 | D:9      | Gained mutation: You are agile. (Dex +4, Str/Int -1)
                  | [potion of mutation]
 10557 | D:9      | Gained mutation: You have an increased reservoir of magic.
                  | (+10% MP) [potion of mutation]
 10604 | D:9      | Killed a death knight
 10747 | D:10     | Entered Level 10 of the Dungeon
 10830 | D:10     | Found a flagged portal.
 10850 | Bailey   | Entered a bailey
 11126 | Bailey   | Received a gift from Okawaru
 11432 | Bailey   | Reached XP level 12. HP: 104/104 MP: 20/20
 11695 | Bailey   | Reached skill level 5 in Translocations
 11701 | Bailey   | Reached skill level 10 in Fighting
 11701 | Bailey   | Reached skill level 12 in Ranged Weapons
 11701 | Bailey   | Reached XP level 13. HP: 80/113 MP: 22/22
 11889 | Bailey   | Got Improving Your Spellcraft
 12071 | D:10     | Noticed Maurice
 12106 | D:10     | Killed Maurice
 12107 | D:10     | Reached skill level 1 in Evocations
 12242 | D:10     | Found a staircase to the Orcish Mines.
 12644 | D:10     | Found an iron altar of Okawaru.
 12936 | D:11     | Found a shadowy altar of Dithmenos.
 13023 | D:11     | Received a gift from Okawaru
 13024 | D:11     | Reached skill level 13 in Ranged Weapons
 13639 | Lair:1   | Entered Level 1 of the Lair of Beasts
 13829 | Lair:1   | Reached skill level 10 in Invocations
 13893 | Lair:1   | Found a gate leading to a gauntlet.
 13919 | Gauntlet | Entered a Gauntlet
 13919 | Gauntlet | Found a transporter.
 13919 | Gauntlet | Found a transporter.
 13925 | Gauntlet | Found a transporter.
 13938 | Gauntlet | Found a transporter.
 13955 | Gauntlet | Found a transporter.
 13955 | Gauntlet | Found a transporter.
 13958 | Gauntlet | Found a transporter.
 13958 | Gauntlet | Found a transporter.
 13959 | Gauntlet | Found a transporter.
 13962 | Gauntlet | Found a runed translucent door.
 13971 | Gauntlet | Found a transporter.
 13987 | Gauntlet | Found a transporter.
 13989 | Gauntlet | Found a runed translucent door.
 13996 | Gauntlet | Found a runed translucent door.
 13997 | Gauntlet | Found a transporter.
 13998 | Gauntlet | Found a runed translucent door.
 14011 | Gauntlet | Found a transporter.
 14032 | Gauntlet | Found a transporter.
 14381 | Gauntlet | Lost mutation: You have an increased reservoir of magic.
                  | (+10% MP) [a shining eye]
 14385 | Gauntlet | Gained mutation: Your health recovers twice as slowly from
                  | being drained. [a shining eye]
 14387 | Gauntlet | Gained mutation: You are dopey. (Int -2) [a shining eye]
 14390 | Gauntlet | Lost mutation: Your body sometimes deteriorates upon taking
                  | damage. [potion of mutation]
 14390 | Gauntlet | Lost mutation: Your health recovers twice as slowly from
                  | being drained. [potion of mutation]
 14390 | Gauntlet | Lost mutation: You are agile. (Dex +4, Str/Int -1) [potion
                  | of mutation]
 14390 | Gauntlet | Gained mutation: You are weak. (Str -2) [potion of
                  | mutation]
 14468 | Gauntlet | Mangled by a white ugly thing

Illustrated notes

Levels and vault maps discovered:
D:1:      lightli_arrival_isolated_outpost, layout_basic,
          basic_ecumenical_altar, serial_shops, shop, minmay_pentomino_q4
D:2:      layout_loops_ring
D:3:      layout_basic
D:4:      layout_basic, elyvilon_altar_4, nicolae_yredelemnul_corpse_copse
D:5:      layout_rooms, nicolae_uskayaw_suspiria,
          minmay_temple_entry_statues_pillars, enter_ossuary_3
D:6:      layout_loops_corners, lemuel_doored_altar,
          mainiacjoe_overflow_alcove_2, kennysheep_orc_sif_temple
D:7:      layout_basic, slow_altar_1, fedhas_bush_and_centaur_altar,
          mainiacjoe_overflow_paths, marbit_many_paths, uniq_prince_ribbit1
D:8:      layout_rooms, nicolae_overflow_crystal_walls, lemuel_crystal_altar
D:9:      nzn_winding_woodlands_three_and_one
          [nzn_winding_woodlands_5x15_sidewinder,
          nzn_winding_woodlands_5x15_concentric,
          nzn_winding_woodlands_5x15_garden,
          nzn_winding_woodlands_center_garden], layout_gridville,
          old_standard_altar, erik_lair_orcish_takeover, kennysheep_donut,
          minivault_13
D:10:     layout_loops_ring, lemuel_round_altar, david_orc_2, enter_bailey_3,
          blue_anna_alchemist, uniq_maurice
D:11:     layout_loops_ring, nicolae_dithmenos_the_darkroom
Lair:1:   layout_cave_pods, gauntlet_entry_generic
Gauntlet: gammafunk_gauntlet_mixed_choke_point
          [minmay_gauntlet_arena_77_chump_sandwich,
          minmay_gauntlet_arena_77_box, minmay_gauntlet_arena_77_checkered,
          gammafunk_gauntlet_arena_arrow_garden,
          minmay_gauntlet_arena_77_cramped, minmay_gauntlet_arena_77_shame_cube,
          minmay_gauntlet_arena_77_mirror, dreamdust_gauntlet_exit_labyrinth]

Skill      XL: |  1  2  3  4  5  6  7  8  9 10 11 12 13 |
---------------+----------------------------------------+-----
Ranged Weapons | 2 3 4 5 6 7 8 10 11 12 13 | 13.4
Invocations    | 1 2 3 4 5 7 8 9 10 | 10.0
Dodging        | 2 3 4 5 6 7 8 9 |  9.4
Fighting       | 2 3 4 5 6 8 9 10 11 | 11.0
Translocations | 2 4 5 |  5.0
Evocations     | 3 |  3.1
Spellcasting   | |  1.1
Hexes          | |  2.7
Fire Magic     | |  1.0

Action                     |  1- 3 |  4- 6 |  7- 9 | 10-12 | 13-15 || total
---------------------------+-------+-------+-------+-------+-------++-------
  Melee: Dagger            |       |    25 |   145 |   143 |    70 ||   383
         Tailslap          |       |     2 |    17 |    43 |    20 ||    82
         Punch             |       |     1 |     1 |     7 |     4 ||    13
         Trident           |       |       |     7 |       |       ||     7
   Fire: Sling             |   184 |   215 |   325 |   733 |   469 ||  1926
  Throw: Javelin           |       |       |     2 |       |       ||     2
   Cast: Blink             |       |       |       |     1 |     1 ||     2
 Invoke: Heroism           |       |     3 |     3 |     4 |     7 ||    17
         Finesse           |       |       |       |       |     1 ||     1
Ability: Breathe Noxious F |       |       |    22 |    29 |    19 ||    70
  Evoke: Wand              |       |       |       |     5 |     5 ||    10
    Use: Scroll            |       |       |     6 |     2 |     1 ||     9
         Potion            |       |       |       |     4 |     2 ||     6
   Stab: Confused          |       |       |     8 |    27 |     9 ||    44
 Armour: Skin              |    54 |    95 |   170 |   183 |    96 ||   598
  Dodge: Dodged            |    59 |   107 |   175 |   252 |   157 ||   750
  Block: Other             |    10 |    36 |    67 |    63 |    32 ||   208
         Reflection        |     1 |     2 |     2 |     1 |     5 ||    11
